 Dungeon Crawl Stone Soup version 0.24.0-41-g2ae2f7f1be (webtiles) character file.

Game seed: 3787428198925033573, levelgen mode: deterministic

472347 Peloso the Hoplite (level 23, -17/223 HPs)
             Began as a Minotaur Fighter on Dec 11, 2019.
             Was the Champion of Okawaru.
             Killed by the air
             ... invoked by Sojobo
              (59 damage)
             ... on level 1 of the Depths on Dec 12, 2019.
             The game lasted 03:33:50 (58737 turns).

Peloso the Hoplite (Minotaur Fighter)              Turns: 58737, Time: 03:33:51

Health: -17/223    AC: 51    Str: 31    XL:     23   Next: 27%
Magic:  24/24      EV: 14    Int:  5    God:    Okawaru [******]
Gold:   3143       SH: 21    Dex: 18    Spells: 22/22 levels left

rFire    + . .     SeeInvis .   a - +7 Singing Sword {slice, sonic wave}
rCold    . . .     Gourm    .   j - +1 shield {reflect}
rNeg     . . .     Faith    +   Q - +8 crystal plate armour of the Tuna {Dex+4}
rPois    .         Spirit   .   H - +1 hat "Ahuetaut" {rElec Str+2}
rElec    +         Reflect  +   J - +2 cloak {MR+}
rCorr    .         Harm     .   X - +2 pair of gloves "Wientoum" {Str+2}
MR       ++...                  x - +2 pair of boots {Fly}
Stlth    ..........             N - amulet "Louqiogu" {Faith Slay+3 Stlth+}
HPRegen  0.47/turn              A - ring of protection from fire
MPRegen  0.19/turn              U - +5 ring of protection

@: about to teleport, flying
A: retaliatory headbutt, horns 2
}: 3/15 runes: barnacled, silver, gossamer
a: Heroism, Finesse, Renounce Religion


You were on level 1 of the Depths.
You worshipped Okawaru.
Okawaru was exalted by your worship.
You were very hungry.

You visited 9 branches of the dungeon, and saw 41 of its levels.
You visited the Abyss 1 time.
You visited 1 bazaar.
You also visited: Bailey and Ice Cave.

You collected 6278 gold pieces.
You spent 3135 gold pieces at shops.

Inventory:

Hand Weapons
 a - the +7 Singing Sword (weapon) {slice, sonic wave}
   (You bought it in a shop on level 1 of the Orcish Mines)

   It inflicts extra damage upon your enemies.
 b - the +6 double sword of Gynismedd {drain, Str+7}
   (Okawaru gifted it to you on level 3 of the Abyss)

   A truly terrible weapon, it drains the life of those it strikes.
   It affects your strength (+7).
Armour
 j - a +1 shield of reflection (worn)
 x - a +2 pair of boots of flying (worn)
 H - the +1 hat "Ahuetaut" (worn) {rElec Str+2}
   (Okawaru gifted it to you on level 3 of the Elven Halls)

   It affects your strength (+2).
   It insulates you from electricity.
 J - a +2 cloak of magic resistance (worn)
 L - a +2 hat of see invisible
 Q - the +8 crystal plate armour of the Tuna (worn) {Dex+4}
   (You took it off a deep elf master archer on level 3 of the Elven Halls)

   It affects your dexterity (+4).
 X - the +2 pair of gloves "Wientoum" (worn) {Str+2}
   (You found it on level 4 of the Lair of Beasts)

   It affects your strength (+2).
Jewellery
 z - an uncursed ring of resist corrosion
 A - a ring of protection from fire (left hand)
 G - an uncursed ring of poison resistance
 N - the amulet "Louqiogu" (around neck) {Faith Slay+3 Stlth+}
   (You found it on level 13 of the Dungeon)

   [amulet of faith]

   It allows you to gain divine favour quickly.
   It affects your accuracy and damage with ranged weapons and melee attacks
   (+3).
   It makes you more stealthy.
 U - a +5 ring of protection (right hand)
Wands
 p - a wand of digging (5)
Scrolls
 c - a scroll of silence
 e - 5 scrolls of noise
 g - 8 scrolls of magic mapping
 h - 13 scrolls of teleportation
 l - 11 scrolls of remove curse
 m - 11 scrolls of identify
 t - 2 scrolls of fear
 u - 5 scrolls of blinking
Potions
 d - 6 potions of might
 i - 3 potions of agility
 n - 19 potions of curing
 q - 4 potions of mutation
 D - 6 potions of berserk rage
 E - 6 potions of haste
Comestibles
 f - 63 rations


   Skills:
 + Level 22.2 Fighting
 + Level 22.5 Long Blades
   Level 4.9 Polearms
 + Level 19.1 Armour
 + Level 10.8 Dodging
 + Level 5.1 Stealth
 + Level 26.5 Shields
 + Level 2.8 Invocations
 + Level 2.8 Evocations


You had 22 spell levels left.
You didn't know any spells.
Your spell library contained the following spells:

 Spells                   Type           Power        Failure   Level  Hunger
 Animate Skeleton         Necr           N/A          99%         1    ##.....
 Apportation              Tloc           #.....       99%         1    ##.....
 Confusing Touch          Hex            #.....       99%         1    ##.....
 Corona                   Hex            #......      99%         1    ##.....
 Flame Tongue             Conj/Fire      #....        99%         1    ##.....
 Freeze                   Ice            #...         99%         1    ##.....
 Magic Dart               Conj           #...         99%         1    ##.....
 Shock                    Conj/Air       #...         99%         1    ##.....
 Summon Butterflies       Summ           #.......     99%         1    ##.....
 Summon Small Mammal      Summ           #...         99%         1    ##.....
 Blink                    Tloc           N/A          100%        2    ###....
 Ensorcelled Hibernation  Hex/Ice        #.....       100%        2    ###....
 Searing Ray              Conj           #.....       100%        2    ###....
 Shroud of Golubria       Chrm/Tloc      #.....       100%        2    ###....
 Slow                     Hex            #.......     100%        2    ###....
 Swiftness                Chrm/Air       #.......     100%        2    ###....
 Throw Flame              Conj/Fire      #.....       100%        2    ###....
 Call Canine Familiar     Summ           #.......     100%        3    ####...
 Confuse                  Hex            #.......     100%        3    ####...
 Conjure Flame            Conj/Fire      #.......     100%        3    ####...
 Dazzling Spray           Conj/Hex       #.....       100%        3    ####...
 Gell's Gravitas          Tloc           #.........   100%        3    ####...
 Ignite Poison            Fire/Tmut/Pois #.......     100%        3    ####...
 Inner Flame              Hex/Fire       #.......     100%        3    ####...
 Lesser Beckoning         Tloc           #.........   100%        3    ####...
 Portal Projectile        Hex/Tloc       #.....       100%        3    ####...
 Recall                   Summ/Tloc      N/A          100%        3    ####...
 Static Discharge         Conj/Air       #.......     100%        3    ####...
 Teleport Other           Tloc           #.......     100%        3    ####...
 Tukima's Dance           Hex            #.......     100%        3    ####...
 Airstrike                Air            #.........   100%        4    #####..
 Animate Dead             Necr           N/A          100%        4    #####..
 Cause Fear               Hex            #.........   100%        4    #####..
 Force Lance              Conj/Tloc      #.......     100%        4    #####..
 Fulminant Prism          Conj/Hex       #.........   100%        4    #####..
 Ice Form                 Ice/Tmut       #.......     100%        4    #####..
 Iskenderun's Mystic Bla  Conj           #.......     100%        4    #####..
 Leda's Liquefaction      Hex/Erth       #.........   100%        4    #####..
 Passage of Golubria      Tloc           N/A          100%        4    #####..
 Petrify                  Tmut/Erth      #.......     100%        4    #####..
 Sticky Flame             Conj/Fire      #.......     100%        4    #####..
 Summon Lightning Spire   Summ/Air       #.......     100%        4    #####..
 Throw Icicle             Conj/Ice       #.......     100%        4    #####..
 Alistair's Intoxication  Tmut/Pois      #.......     100%        5    ######.
 Bolt of Magma            Conj/Fire/Erth #.........   100%        5    ######.
 Borgnjor's Vile Clutch   Necr/Erth      #.........   100%        5    ######.
 Fireball                 Conj/Fire      #.........   100%        5    ######.
 Iskenderun's Battlesphe  Conj/Chrm      #.......     100%        5    ######.
 Lightning Bolt           Conj/Air       #.........   100%        5    ######.
 Metabolic Englaciation   Hex/Ice        #.........   100%        5    ######.
 Silence                  Hex/Air        #.........   100%        5    ######.
 Yara's Violent Unravell  Hex/Tmut       #.........   100%        5    ######.
 Bolt of Cold             Conj/Ice       #.........   100%        6    #######
 Bolt of Fire             Conj/Fire      #.........   100%        6    #######
 Conjure Ball Lightning   Conj/Air       #.........   100%        6    #######
 Darkness                 Hex            #.........   100%        6    #######
 Death Channel            Necr           #.........   100%        6    #######
 Deflect Missiles         Chrm/Air       #.........   100%        6    #######
 Freezing Cloud           Conj/Ice/Air   #.........   100%        6    #######
 Invisibility             Hex            #.......     100%        6    #######
 Iron Shot                Conj/Erth      #.........   100%        6    #######
 Ozocubu's Refrigeration  Ice            #.........   100%        6    #######
 Poison Arrow             Conj/Pois      #.........   100%        6    #######
 Shadow Creatures         Summ           N/A          100%        6    #######
 Simulacrum               Ice/Necr       #.........   100%        6    #######
 Statue Form              Tmut/Erth      #........    100%        6    #######
 Dragon Form              Tmut           #.........   100%        7    #######
 Chain Lightning          Conj/Air       #.........   100%        8    #######
 Ignition                 Fire           #.........   100%        8    #######
 Lehudib's Crystal Spear  Conj/Erth      #.........   100%        8    #######
 Dragon's Call            Summ           #.........   100%        9    #######
 Fire Storm               Conj/Fire      #.........   100%        9    #######
 Glaciate                 Conj/Ice       #.........   100%        9    #######
 Shatter                  Erth           #.........   100%        9    #######
 Tornado                  Air            #.........   100%        9    #######


Dungeon Overview and Level Annotations

Branches:
Dungeon (15/15)            Temple (1/1) D:4            Lair (6/6) D:9
 Shoals (4/4) Lair:3       Spider (4/4) Lair:3        Slime (0/5) Lair:6
    Orc (2/2) D:12            Elf (3/3) Orc:2        Vaults (5/5) D:13
  Crypt (0/3) Vaults:2     Depths (1/5) D:15         Bailey (visited)
  IceCv (visited)

Altars:
Ashenzari
Cheibriados
Dithmenos
Elyvilon
Fedhas
Gozag
Hepliaklqana
Kikubaaqudgha
Makhleb
Nemelex Xobeh
Okawaru
Qazlal
Ru
Sif Muna
Trog
Uskayaw
Vehumet
Wu Jian
Xom
Yredelemnul
Zin
The Shining One
Beogh

Shops:
D:5 *   D:8 *   D:10 !   D:13 [   Orc:1 (:   Orc:2 ?*%[%   Elf:1 (:*}   Elf:2 [
Elf:3 (   Shoals:4 :[(?[   Vaults:1 :   Depths:1 *

Portals:
Hell: Depths:1
Trove: D:10 (give horn of Geryon)

Annotations:
D:7 1 runed translucent door
Depths:1 Sojobo


Innate Abilities, Weirdness & Mutations

You reflexively headbutt those who attack you in melee.
You have a pair of horns on your head.


Message History

You block the air elemental's attack.
Sojobo waves her feathered arms in wide circles.
The air twists around and violently strikes you in flight!!!
* * * LOW HITPOINT WARNING * * *
You block the air elemental's attack.
You slice the air elemental!!
You destroy the air elemental!
You are engulfed in raging winds.
You block the air elemental's attack.
Unknown command.
As you read the scroll of teleportation, it crumbles to dust.
You feel strangely unstable.
You are engulfed in raging winds.
* * * LOW HITPOINT WARNING * * *
The winds around the air elemental start to calm down.
You block the air elemental's attack. x2; The air elemental barely misses you.
You riposte.
You carve the air elemental like a ham!!!
You destroy the air elemental!
Sojobo waves her feathered arms in wide circles.
The air twists around and violently strikes you in flight!!!
You die...

##.#.##.#)# #...# #.# #####
...#.##.#.######...# #.# #....
#..#.##.#)(........# #)# #.##.
#..#.##..##'####...# #)# #.##.
#..#.#..##.⌠.##....# #)#####.##.
.......##...##§§§§§# #....(...#.
#.....##...##.§#§§§# ######...≈.
.....##...##..§§§§## #.......≈.
#...''.⌠.''...§§@§######......≈..
.....##...##..§§§§Q.....>....≈≈..
#.....##...##.§§§§###........≈.≈.
#####..##...##§§#§§##.##.###.....
## ##..##.⌠.##..#.##.##.# ##..##
.######..##'####.#.##.##.# ####
.##....#.........#..#.##.#
.##....##...'.).....#.##.#
.##....##...#######.#.##.#


You could see Sojobo.

Vanquished Creatures
  An ancient lich (Vaults:5)
  A golden dragon (Vaults:5)
  Jory (Vaults:3)
  A tentacled monstrosity (Vaults:5)
  A deep elf master archer (Elf:3)
  2 deep elf blademasters (Elf:3)
  3 titans (Vaults:5)
  3 krakens
  Frances (Elf:2)
  Agnes (Elf:1)
  The ghost of Uthroist the Blocker, an adept GnFi of Cheibriados (Spider:2)
  5 tengu reavers
  A sphinx (Vaults:5)
  2 storm dragons (Vaults:5)
  7 shadow dragons (Vaults:5)
  Roxanne (Spider:1)
  Donald (Shoals:2)
  5 fire giants
  13 vault wardens
  7 deep elf sorcerers
  13 ironheart preservers
  6 frost giants
  6 ghost moths
  Louise (Spider:2)
  An orc warlord (Vaults:4)
  An iron dragon (Vaults:5)
  8 emperor scorpions
  3 deep elf elementalists
  3 war gargoyles
  8 very ugly things
  15 stone giants
  Nessos (Lair:6)
  4 entropy weavers
  9 deep elf demonologists
  11 deep elf annihilators
  A vampire knight (Vaults:2)
  8 spark wasps
  3 merfolk javelineers (Shoals:4)
  8 ettins
  Josephine (D:11)
  9 deep elf death magi
  8 yaktaur captains
  4 deep elf high priests
  2 fire dragons
  Erolcha (D:11)
  8 merfolk impalers
  A great orb of eyes (Vaults:2)
  6 rakshasas
  The ghost of Xuta the Peltast, a journeyman FoFi of Okawaru (D:13)
  4 ice dragons
  Harold (Lair:1)
  7 hydras
  An anaconda (shapeshifter) (D:13)
  4 merfolk avatars
  4 satyrs
  2 death knights
  Erica (Orc:1)
  30 vault guards
  7 centaur warriors
  8 merfolk aquamancers
  9 ogre magi
  27 dancing weapons
  A tengu warrior (D:13)
  38 two-headed ogres
  5 death yaks
  A deep troll shaman (Vaults:4)
  2 deep troll earth magi
  A hell knight (Vaults:4)
  5 orc high priests
  A spriggan berserker (Depths:1)
  17 deep elf knights
  A wretched star (Abyss:3)
  A shadow wraith (D:13)
  5 skeletal warriors
  A spatial maelstrom (Abyss:3)
  4 unseen horrors
  A death drake (shapeshifter) (Vaults:3)
  2 flayed ghosts
  4 deep trolls
  11 sea snakes
  13 deep elf archers
  2 phantasmal warriors
  18 ironbrand convokers
  A wizard (Vaults:2)
  A glowing orange brain (Vaults:3)
  3 necromancers
  A shadow dragon zombie (Vaults:2)
  6 orc knights
  17 orb spiders
  15 harpies
  7 orc sorcerers
  20 fauns
  10 cyclopes
  26 wolf spiders
  A wolf spider zombie (D:14)
  4 oklob plants (Lair:6)
  83 deep elf magi
  17 manticores
  A fire giant zombie (Vaults:1)
  A sphinx skeleton (Vaults:2)
  36 ugly things
  2 moths of wrath
  A manticore (shapeshifter) (Vaults:4)
  3 black mambas
  2 centaur zombies
  7 merfolk sirens
  15 elephants
  2 ice statues (IceCv)
  12 vault sentinels
  5 water nymphs (Shoals:4)
  A fire giant skeleton (Vaults:5)
  A torpor snail (Spider:1)
  3 gargoyles
  A smoke demon (Abyss:3)
  31 spiny frogs
  7 rime drakes
  3 freezing wraiths
  2 efreet
  A tormentor (Abyss:3)
  39 yaktaurs
  2 yaktaur zombies
  2 kobold demonologists
  A rime drake (shapeshifter) (Vaults:4)
  9 komodo dragons
  7 demonic crawlers
  A komodo dragon (shapeshifter) (Vaults:1)
  2 human skeletons
  A queen bee (D:11)
  A yaktaur skeleton (Vaults:1)
  2 hellwings (Abyss:3)
  A jumping spider (shapeshifter) (Elf:2)
  A small abomination (Vaults:5)
  A troll (shapeshifter) (Elf:2)
  26 jumping spiders
  36 merfolk
  3 polar bears
  A hornet (shapeshifter) (Vaults:4)
  6 trolls
  5 tyrant leeches
  3 wind drakes (Shoals:2)
  10 hornets
  A raiju (shapeshifter) (Depths:1)
  4 raiju (Abyss:3)
  A meliai zombie (D:13)
  13 snapping turtles
  A blink frog (shapeshifter) (Vaults:4)
  10 dream sheep
  27 blink frogs
  10 slime creatures
  An ettin zombie (Vaults:1)
  23 hippogriffs
  4 vampires
  65 redbacks
  A shadow (D:7)
  5 air elementals
  9 water elementals
  4 wraiths
  14 wyverns
  2 ettin skeletons
  A spriggan (shapeshifter) (Elf:1)
  5 fire elementals
  8 basilisks
  28 tarantellas
  A human (Vaults:4)
  47 yaks
  A steam dragon (D:6)
  5 hungry ghosts
  A yaktaur simulacrum (Vaults:3)
  11 vampire mosquitoes
  A chaos spawn (Abyss:3)
  Menkaure (D:2)
  5 wargs
  2 human simulacra
  4 acid dragons
  A soldier ant (D:12)
  11 water moccasins
  A water moccasin (shapeshifter) (Elf:3)
  2 floating eyes (shapeshifter)
  5 porcupines
  43 orc warriors
  3 sky beasts
  19 ice beasts
  An eye of draining (D:12)
  A hornet zombie (D:15)
  2 necrophages
  3 phantoms
  32 ogres
  7 wolves
  7 boggarts (Vaults:2)
  13 centaurs
  15 crocodiles
  5 big kobolds
  A wyvern zombie (D:11)
  24 bullfrogs
  2 earth elementals
  4 scorpions
  A water moccasin skeleton (D:7)
  19 killer bees
  5 wights (D:12)
  A howler monkey (D:5)
  7 electric eels
  5 crimson imps
  3 jellies
  3 quasits
  3 starcursed masses (Abyss:3)
  7 hounds
  44 orc priests
  36 orc wizards
  3 centaur skeletons
  2 bullfrog skeletons
  3 iguanas
  Natasha (twice) (D:2 D:1)
  8 worker ants
  6 ogre zombies (D:12)
  A hound zombie (D:7)
  A hound skeleton (D:5)
  8 gnolls
  A howler monkey skeleton (D:4)
  11 adders
  3 shadow imps
  A white imp (Abyss:3)
  An ufetubus (Abyss:3)
  An adder zombie (D:2)
  A worm (D:6)
  5 dart slugs
  6 leopard geckos
  105 orcs
  7 giant cockroaches
  7 goblins
  9 hobgoblins
  2 jackals (D:4)
  21 kobolds
  5 quokkas
  6 bats
  8 frilled lizards
  A goblin skeleton (D:12)
  3 goblin zombies (D:12)
  A hobgoblin skeleton (D:12)
  2 orc skeletons (D:12)
  12 orc zombies (D:12)
  A quokka skeleton (D:4)
  7 rats
  A bush (D:7)
  5 crawling corpses
  A fungus (Lair:1)
  28 plants
  5 tentacles
1910 creatures vanquished.

Vanquished Creatures (others)
  A deep elf master archer (Elf:3)
  2 stone giants
  A spark wasp (Spider:2)
  2 yaktaur captains
  A centaur warrior (Vaults:4)
  A satyr (Shoals:4)
  A deep elf knight (Elf:3)
  4 deep elf archers
  An orb spider (Spider:2)
  A torpor snail (Spider:2)
  10 yaktaurs
  A vampire (D:15)
  2 centaurs
  An orc (D:14)
  13 fungi
  48 plants
  2 starspawn tentacles (Abyss:3)
  7 tentacles
99 creatures vanquished.

Grand Total: 2009 creatures vanquished

Notes
Turn   | Place    | Note
-------+----------+-------------------------------------------
     0 | D:1      | Peloso the Minotaur Fighter began the quest for the Orb.
     0 | D:1      | Reached XP level 1. HP: 19/19 MP: 0/0
   109 | D:1      | Reached skill level 4 in Shields
   109 | D:1      | Reached XP level 2. HP: 19/27 MP: 1/1
   338 | D:1      | Reached XP level 3. HP: 22/33 MP: 2/2
   951 | D:2      | Noticed Natasha
   961 | D:2      | Killed Natasha
  1153 | D:2      | Reached XP level 4. HP: 39/40 MP: 3/3
  1167 | D:2      | Noticed Natasha
  1346 | D:1      | Killed Natasha
  1437 | D:2      | Reached XP level 5. HP: 36/47 MP: 4/4
  1488 | D:2      | Found a basalt altar of Yredelemnul.
  1490 | D:2      | Noticed Menkaure
  1494 | D:2      | Found a transporter.
  1502 | D:2      | Found an ancient bone altar of Kikubaaqudgha.
  1519 | D:2      | Found a transporter.
  1844 | D:3      | Reached skill level 1 in Dodging
  2352 | D:3      | Found a sacrificial altar of Ru.
  2352 | D:3      | Found a shimmering altar of Xom.
  2564 | D:4      | Found a staircase to the Ecumenical Temple.
  2611 | Temple   | Entered the Ecumenical Temple
  2930 | D:4      | Reached skill level 5 in Long Blades
  2930 | D:4      | Reached skill level 5 in Shields
  2961 | D:4      | Noticed a phantom
  3012 | D:4      | Killed a phantom
  3012 | D:4      | Reached XP level 6. HP: 39/53 MP: 5/5
  3186 | D:4      | Found a shimmering blue altar of Sif Muna.
  3314 | D:4      | Reached skill level 5 in Armour
  3490 | D:5      | Entered Level 5 of the Dungeon
  3497 | D:5      | Found Cuq Ile's Lightly-Used Armoury.
  3539 | D:5      | Noticed a sky beast
  3849 | D:5      | Killed a sky beast
  3849 | D:5      | Reached XP level 7. HP: 38/60 MP: 6/6
  3863 | D:5      | Found a shattered altar of Ashenzari.
  4029 | D:5      | Reached skill level 6 in Shields
  4041 | D:5      | Reached skill level 5 in Fighting
  4108 | D:5      | Found a glowing silver altar of Zin.
  4112 | D:5      | Found a sparkling altar of Nemelex Xobeh.
  4118 | D:5      | Found a glowing golden altar of the Shining One.
  4476 | D:6      | Reached XP level 8. HP: 47/68 MP: 7/7
  4833 | D:6      | Got a bronze scale mail
  4844 | D:6      | Identified the cursed +1 scale mail of the Ward {MR+ Int+9}
                  | (You found it on level 6 of the Dungeon)
  5701 | D:7      | Reached skill level 7 in Shields
  5951 | D:7      | Noticed a hippogriff
  5958 | D:7      | Reached XP level 9. HP: 47/75 MP: 8/8
  6191 | D:7      | Found a stormy altar of Qazlal.
  6197 | D:7      | Found a blossoming altar of Fedhas.
  6264 | D:7      | Reached skill level 8 in Shields
  6769 | D:2      | Killed Menkaure
  6787 | D:2      | Got a scorched demon trident
  6788 | D:2      | Identified the +11 demon trident of Tytym {flame, rPois rC+
                  | MP+9 Str-4} (You found it on level 2 of the Dungeon)
  7197 | D:8      | Found Qekh's Assorted Antiques.
  7211 | D:8      | Bought a metallic coppery potion for 30 gold pieces
  7211 | D:8      | Bought a silvery potion for 30 gold pieces
  7211 | D:8      | Bought a scroll of identify for 68 gold pieces
  7261 | D:8      | Got a steaming ring mail
  7272 | D:8      | Identified the +1 ring mail of Zin's Supremacy {*Drain
                  | rPois Str+5 SInv} (You found it on level 8 of the Dungeon)
  7313 | D:8      | Noticed a komodo dragon
  7332 | D:8      | Killed a komodo dragon
  7332 | D:8      | Reached skill level 10 in Long Blades
  7722 | D:9      | Reached skill level 9 in Shields
  7729 | D:9      | Noticed a troll
  7744 | D:9      | Reached XP level 10. HP: 65/88 MP: 9/9
  8302 | D:9      | Found an iron altar of Okawaru.
  8315 | D:9      | Became a worshipper of Warmaster Okawaru
  8346 | D:9      | Found a staircase to the Lair.
  8508 | D:10     | Entered Level 10 of the Dungeon
  8581 | D:10     | Found Aciad's Distillery.
  8584 | D:10     | Bought a potion of heal wounds for 55 gold pieces
  8584 | D:10     | Bought a potion of berserk rage for 55 gold pieces
  8584 | D:10     | Bought a potion of haste for 110 gold pieces
  8709 | D:10     | Found a portal to a secret trove of treasure.
  9261 | D:10     | Reached skill level 10 in Shields
  9468 | D:11     | Found a flagged portal.
  9489 | Bailey   | Entered a bailey
  9509 | Bailey   | Reached * piety under Okawaru
  9805 | Bailey   | Reached skill level 1 in Evocations
 10039 | Bailey   | Got a bloodstained mace
 10228 | D:11     | You fall into a shaft and drop 1 floor!
 10231 | D:12     | Reached skill level 1 in Polearms
 10322 | D:11     | Reached ** piety under Okawaru
 10379 | D:11     | Reached XP level 11. HP: 68/97 MP: 11/11
 10487 | D:11     | Reached skill level 11 in Shields
 10592 | D:11     | Noticed Josephine
 10622 | D:11     | Killed Josephine
 10622 | D:11     | Reached skill level 10 in Armour
 10640 | D:11     | Reached *** piety under Okawaru
 10861 | D:11     | Noticed Erolcha
 10869 | D:11     | Paralysed by Erolcha for 5 turns
 10890 | D:11     | Killed Erolcha
 10941 | D:11     | Identified the cursed +3 mace "Arcanum" {flame, MR+} (You
                  | found it in a bailey)
 11139 | Lair:1   | Entered Level 1 of the Lair of Beasts
 11224 | Lair:1   | Reached **** piety under Okawaru
 11307 | Lair:1   | Noticed Harold
 11318 | Lair:1   | Killed Harold
 11395 | Lair:1   | Reached skill level 12 in Shields
 11899 | Lair:1   | Noticed a seven-headed hydra
 11919 | Lair:1   | Killed an eight-headed hydra
 11919 | Lair:1   | Received a gift from Okawaru
 11919 | Lair:1   | Reached skill level 10 in Fighting
 11919 | Lair:1   | Reached skill level 1 in Invocations
 12490 | Lair:1   | Reached ***** piety under Okawaru
 12500 | Lair:1   | Reached XP level 12. HP: 88/106 MP: 12/12
 14931 | Lair:3   | Found a staircase to the Shoals.
 14983 | Lair:3   | Found a hole to the Spider Nest.
 15134 | Lair:3   | Reached skill level 1 in Stealth
 15696 | D:12     | Found a staircase to the Orcish Mines.
 15949 | D:12     | Received a gift from Okawaru
 15952 | D:12     | Got a jewelled hand crossbow {god gift}
 15962 | D:12     | Identified the +8 hand crossbow of Peril {venom, rPois
                  | Int+2 Dex+3} (Okawaru gifted it to you on level 12 of the
                  | Dungeon)
 16340 | D:12     | Reached skill level 5 in Dodging
 16364 | D:12     | Reached skill level 13 in Shields
 16766 | D:12     | Reached ****** piety under Okawaru
 17363 | D:7      | Noticed a two-headed ogre
 17363 | D:7      | Noticed a two-headed ogre
 17365 | D:7      | Found a runed translucent door.
 17373 | D:7      | Killed a two-headed ogre
 17373 | D:7      | Reached XP level 13. HP: 64/116 MP: 13/13
 17737 | D:7      | Found a runed translucent door.
 17739 | D:7      | Found a runed translucent door.
 17739 | D:7      | Found a runed translucent door.
 17750 | D:7      | Received a gift from Okawaru
 18334 | D:7      | Got a spiked cloak
 18345 | D:7      | Identified the +0 cloak "Ockici Qius" {rElec rF- Dex+6}
                  | (You found it on level 7 of the Dungeon)
 19070 | D:12     | Reached skill level 14 in Shields
 19404 | D:13     | Found an opulent altar of Gozag.
 19425 | D:13     | Found Paanuth's Armour Shoppe.
 19434 | D:13     | Bought a +2 pair of boots of flying for 365 gold pieces
 20050 | D:13     | Got a serpentine lead amulet
 20295 | D:13     | Found a gate to the Vaults.
 20459 | D:13     | Received a gift from Okawaru
 20463 | D:13     | Got a fine rapier {god gift}
 20464 | D:13     | Identified the +0 rapier of Wouriy {pain, +Rage} (Okawaru
                  | gifted it to you on level 13 of the Dungeon)
 20494 | D:13     | Found a runed translucent door.
 20504 | D:13     | Noticed Xuta's ghost (journeyman FoFi)
 21125 | Lair:4   | Found a frozen archway.
 21163 | IceCv    | Entered an ice cave
 21190 | IceCv    | Reached skill level 15 in Shields
 21381 | IceCv    | Identified the amulet "Louqiogu" {Faith Slay+3 Stlth+} (You
                  | found it on level 13 of the Dungeon)
 21497 | IceCv    | Reached XP level 14. HP: 126/127 MP: 14/14
 21604 | IceCv    | Reached skill level 15 in Long Blades
 21616 | IceCv    | Received a gift from Okawaru
 22192 | Lair:4   | Got a pair of transparent gloves
 22203 | Lair:4   | Identified the +2 pair of gloves "Wientoum" {Str+2} (You
                  | found it on level 4 of the Lair of Beasts)
 22655 | Lair:4   | Received a gift from Okawaru
 22675 | Lair:4   | Got a twisted falchion {god gift}
 22676 | Lair:4   | Identified the +1 falchion of Valiance {freeze, rC+ MR++}
                  | (Okawaru gifted it to you on level 4 of the Lair of Beasts)
 23315 | Lair:5   | Received a gift from Okawaru
 23455 | Lair:5   | Reached skill level 16 in Shields
 24235 | Lair:6   | Entered Level 6 of the Lair of Beasts
 24671 | Lair:6   | Received a gift from Okawaru
 24723 | Lair:5   | Reached skill level 17 in Shields
 24784 | Lair:6   | Reached XP level 15. HP: 74/135 MP: 15/15
 25206 | Lair:6   | Received a gift from Okawaru
 25529 | Lair:6   | Noticed Nessos
 25537 | Lair:6   | Killed Nessos
 26267 | Lair:6   | Found a staircase to the Slime Pits.
 26628 | Lair:6   | Received a gift from Okawaru
 27037 | D:14     | Found a stormy altar of Qazlal.
 27283 | D:14     | Reached skill level 18 in Shields
 27693 | D:15     | Entered Level 15 of the Dungeon
 28007 | D:15     | Found a staircase to the Depths.
 28007 | D:15     | Noticed a frost giant
 28018 | D:15     | Killed a frost giant
 28152 | D:15     | Got a faintly glowing war axe
 28153 | D:15     | Identified the +6 war axe of Abomination {chop, Str+2} (You
                  | found it on level 15 of the Dungeon)
 28459 | Orc:1    | Entered Level 1 of the Orcish Mines
 28459 | Orc:1    | Noticed Erica
 28464 | Orc:1    | Received a gift from Okawaru
 28467 | Orc:1    | Killed Erica
 28732 | Orc:1    | Received a gift from Okawaru
 28763 | Orc:1    | Found Hetegrung's Book Emporium.
 28774 | Orc:1    | Found Zekhirch's Weapon Boutique.
 28802 | Orc:1    | Bought the +7 Singing Sword {slice, sonic wave} for 1500
                  | gold pieces
 28802 | Orc:1    | Found the +7 Singing Sword {slice, sonic wave}
 28947 | Orc:2    | Entered Level 2 of the Orcish Mines
 28947 | Orc:2    | Found a roughly hewn altar of Beogh.
 29198 | Orc:2    | Found Syekoe's Food Emporium.
 29641 | Orc:2    | Reached XP level 16. HP: 111/146 MP: 16/16
 29750 | Orc:2    | Found Geiriep's Antique Armour Emporium.
 29750 | Orc:2    | Found Otaplodu's Food Emporium.
 29766 | Orc:2    | Found Goptius's Assorted Antiques.
 29766 | Orc:2    | Found Surchang's Magic Scroll Shoppe.
 29817 | Orc:2    | Bought a scroll labeled APHYCO HUYLUUCS for 23 gold pieces
 29817 | Orc:2    | Bought a scroll labeled APHYCO HUYLUUCS for 23 gold pieces
 30210 | Orc:2    | Found a staircase to the Elven Halls.
 30441 | D:13     | Killed Xuta's ghost
 31426 | Spider:1 | Entered Level 1 of the Spider Nest
 31522 | Spider:1 | Reached skill level 15 in Armour
 31554 | Spider:1 | Reached skill level 19 in Shields
 31773 | Spider:1 | Identified Roxanne's Catalogue of Stones
 31773 | Spider:1 | Noticed Roxanne
 32077 | Spider:1 | Killed Roxanne
 32438 | Spider:2 | Noticed Louise
 32446 | Spider:2 | Cast into level 3 of the Abyss (Louise)
 32477 | Abyss:3  | Received a gift from Okawaru
 32489 | Abyss:3  | Got a warped double sword {god gift}
 32490 | Abyss:3  | Identified the +6 double sword of Gynismedd {drain, Str+7}
                  | (Okawaru gifted it to you on level 3 of the Abyss)
 32682 | Abyss:3  | Noticed a tentacled starspawn
 32685 | Abyss:3  | Noticed a tentacled starspawn
 32688 | Spider:2 | Escaped the Abyss
 32972 | Spider:2 | Killed Louise
 33383 | Spider:2 | Identified a scroll of acquirement
 33410 | Spider:2 | Found a transporter.
 33417 | Spider:2 | Noticed Uthroist's ghost (adept GnFi)
 33441 | Spider:2 | Found a transporter.
 33805 | Spider:2 | Reached skill level 15 in Fighting
 34086 | Spider:2 | Killed Uthroist's ghost
 34086 | Spider:2 | Received a gift from Okawaru
 34089 | Spider:2 | Got a steaming cloak
 34133 | Spider:2 | Identified the cursed +0 cloak "Nuumoocziw" {rF- Str+4}
                  | (You found it on level 2 of the Spider Nest)
 34156 | Spider:2 | Got a steaming morningstar
 34157 | Spider:2 | Identified the +4 morningstar of Qualigan {drain, -Tele rC+
                  | Int+2} (You found it on level 2 of the Spider Nest)
 35589 | Spider:3 | Received a gift from Okawaru
 35722 | Spider:4 | Entered Level 4 of the Spider Nest
 35736 | Spider:4 | Reached skill level 20 in Shields
 35736 | Spider:4 | Reached XP level 17. HP: 155/156 MP: 18/18
 36564 | Spider:4 | Received a gift from Okawaru
 36936 | Spider:4 | Got a smelly scale mail {god gift}
 36964 | Spider:4 | Got a gossamer rune of Zot
 37060 | Spider:4 | Identified the +5 scale mail of Okawaru's Condemnation
                  | {rPois} (Okawaru gifted it to you on level 4 of the Spider
                  | Nest)
 37830 | Shoals:1 | Entered Level 1 of the Shoals
 38056 | Shoals:1 | Reached skill level 21 in Shields
 38540 | Shoals:1 | Received a gift from Okawaru
 38543 | Shoals:1 | Got a translucent spear {god gift}
 38544 | Shoals:1 | Identified the +6 spear of Courage {flame, rN+ Dex+4}
                  | (Okawaru gifted it to you on level 1 of the Shoals)
 39400 | Shoals:2 | Noticed a kraken
 39414 | Shoals:2 | Killed a kraken
 39590 | Shoals:2 | Noticed Donald
 39605 | Shoals:2 | Killed Donald
 39834 | Shoals:2 | Received a gift from Okawaru
 40178 | Shoals:2 | Reached XP level 18. HP: 155/168 MP: 19/19
 40655 | Shoals:3 | Received a gift from Okawaru
 41071 | Shoals:4 | Entered Level 4 of the Shoals
 41093 | Shoals:4 | Found Rylokhla's Magic Scroll Shop.
 41234 | Shoals:4 | HP: 2/168 [drowned by a water nymph (8)]
 41639 | Shoals:4 | Received a gift from Okawaru
 42404 | Shoals:4 | Found Nelidiar's Antique Armour Shop.
 42424 | Shoals:4 | Bought a scroll of brand weapon for 260 gold pieces
 42424 | Shoals:4 | Bought a scroll of blinking for 97 gold pieces
 42424 | Shoals:4 | Bought a scroll of magic mapping for 45 gold pieces
 42439 | Shoals:4 | Found Well's Book Shop.
 42708 | Shoals:4 | Reached skill level 22 in Shields
 42751 | Shoals:4 | Identified the +2 broad axe of Cefil {drain, Str+8}
 42935 | Shoals:4 | Found Laetint's Weapon Shoppe.
 42938 | Shoals:4 | Found Vaicyont's Armour Boutique.
 43077 | Shoals:4 | Identified the +7 shortbow of Law {speed, *Contam rPois
                  | rN+++ MP+9}
 43183 | Shoals:4 | Got a barnacled rune of Zot
 43867 | Elf:1    | Entered Level 1 of the Elven Halls
 43928 | Elf:1    | Received a gift from Okawaru
 43953 | Elf:1    | Found Wiat's Book Shop.
 43955 | Elf:1    | Found Ditenlet's Assorted Antiques.
 43957 | Elf:1    | Found Kiohunal's Gadget Shop.
 43963 | Elf:1    | Bought a scroll of magic mapping for 91 gold pieces
 44192 | Elf:1    | Reached skill level 10 in Dodging
 44217 | Elf:1    | Noticed Frances
 44220 | Elf:1    | Noticed Agnes
 44236 | Elf:1    | Killed Agnes
 44478 | Elf:1    | Found Icogoawn's Antique Weapon Emporium.
 44490 | Elf:1    | Reached XP level 19. HP: 177/177 MP: 20/20
 44762 | Elf:1    | Identified the Volume of Supportive Conjuration
 45092 | Elf:2    | Received a gift from Okawaru
 45106 | Elf:2    | Found Ofoemn's Antique Armour Boutique.
 45689 | Elf:2    | Found a huge runed translucent gate.
 45689 | Elf:2    | Found a huge runed translucent gate.
 45690 | Elf:2    | Found a huge runed translucent gate.
 45693 | Elf:2    | Found a huge runed translucent gate.
 45695 | Elf:2    | Found a huge runed translucent gate.
 45974 | Elf:3    | Entered Level 3 of the Elven Halls
 46052 | Elf:3    | Found Feops's Weapon Emporium.
 46674 | Elf:3    | Identified the +3 plate armour of the Beekeeper {rElec
                  | rF++}
 46677 | Elf:3    | Reached skill level 5 in Stealth
 46702 | Elf:3    | Received a gift from Okawaru
 46706 | Elf:3    | Got a brightly glowing hat {god gift}
 46721 | Elf:3    | Identified the +1 hat "Ahuetaut" {rElec Str+2} (Okawaru
                  | gifted it to you on level 3 of the Elven Halls)
 46811 | Elf:3    | Noticed a Tzitzimitl
 46822 | Elf:3    | Identified the cursed +1 mace "Spiderslayer" {distort, rF-
                  | Str+4 Dex+5}
 47211 | Elf:3    | Noticed a Tzitzimitl
 47589 | Elf:3    | Identified the Compendium of Dislocated Air
 47639 | Elf:3    | Identified the +8 crystal plate armour of the Tuna {Dex+4}
 47683 | Elf:3    | Got a smoking mace
 47684 | Elf:3    | Identified the Grimoire of the Frostbite
 47696 | Elf:3    | Got a twisted quarterstaff
 47700 | Elf:3    | Identified the cursed +1 mace of Famine {crush, *Noise
                  | Str+5 Dex-3} (You found it on level 3 of the Elven Halls)
 47702 | Elf:3    | Identified the +6 quarterstaff "Hoimneat" {chaos, *Rage
                  | rPois rF++} (You found it on level 3 of the Elven Halls)
 47707 | Elf:3    | Got an iridescent whip
 47708 | Elf:3    | Identified the +3 whip "Hippovu" {slash, rC- MR++ Dex+4}
                  | (You found it on level 3 of the Elven Halls)
 48101 | Elf:2    | Killed Frances
 48103 | Elf:2    | Reached skill level 23 in Shields
 48212 | Elf:2    | Received a gift from Okawaru
 48218 | Elf:2    | Got a fine quick blade {god gift}
 48219 | Elf:2    | Identified the +9 quick blade of Norun {pain, *Rage rPois
                  | rF++ SInv} (Okawaru gifted it to you on level 2 of the
                  | Elven Halls)
 48786 | Vaults:1 | Entered Level 1 of the Vaults
 48786 | Vaults:1 | Found Oliyx's Book Shop.
 48872 | Vaults:1 | Reached XP level 20. HP: 189/189 MP: 21/21
 49485 | Vaults:1 | Received a gift from Okawaru
 49489 | Vaults:1 | Got an ancient double sword {god gift}
 49490 | Vaults:1 | Identified the +2 double sword "Ypramiah" {venom, +Fly}
                  | (Okawaru gifted it to you on level 1 of the Vaults)
 50198 | Vaults:2 | Found a basalt altar of Yredelemnul.
 50400 | Vaults:2 | Received a gift from Okawaru
 50465 | Vaults:2 | Received a gift from Okawaru
 50689 | Vaults:2 | Found a staircase to the Crypt.
 50927 | Vaults:2 | Reached skill level 24 in Shields
 51587 | Vaults:3 | Found a bloodstained altar of Trog.
 51901 | Vaults:3 | Noticed Jory
 51934 | Vaults:3 | Killed Jory
 51934 | Vaults:3 | Received a gift from Okawaru
 51937 | Vaults:3 | Reached XP level 21. HP: 120/200 MP: 22/22
 52824 | Vaults:4 | Received a gift from Okawaru
 52866 | Vaults:4 | Found a flickering gateway to a bazaar.
 52889 | Bazaar   | Entered a bazaar
 52889 | Bazaar   | Found Xavatsid's Antique Weapon Emporium.
 52889 | Bazaar   | Found Fukk's Assorted Antiques.
 52889 | Bazaar   | Found Ufarut's Magic Scroll Shoppe.
 52889 | Bazaar   | Found Dechi's Food Emporium.
 52921 | Bazaar   | Bought 3 scrolls of identify for 78 gold pieces
 52921 | Bazaar   | Bought a scroll of teleportation for 39 gold pieces
 52921 | Bazaar   | Bought a scroll of magic mapping for 45 gold pieces
 52923 | Bazaar   | Bought a scorched hand crossbow for 221 gold pieces
 52923 | Bazaar   | Identified the cursed +2 hand crossbow "Bityitu" {penet,
                  | *Drain rN+ Dex+4} (You bought it in a shop in a bazaar)
 53135 | Vaults:4 | Identified the +8 long sword "Cocvoeda" {speed, Int+5
                  | Dex-2}
 53355 | Vaults:4 | Reached skill level 25 in Shields
 53869 | Vaults:4 | Received a gift from Okawaru
 53938 | Vaults:5 | Entered Level 5 of the Vaults
 53955 | Vaults:5 | Received a gift from Okawaru
 53972 | Vaults:5 | Noticed an ancient lich
 53980 | Vaults:5 | Killed an ancient lich
 53980 | Vaults:5 | Received a gift from Okawaru
 53980 | Vaults:5 | Reached XP level 22. HP: 207/211 MP: 23/23
 54027 | Vaults:5 | Received a gift from Okawaru
 54050 | Vaults:4 | HP: 8/213 [hell knight/+2 battleaxe of chopping (6)]
 54055 | Vaults:4 | HP: 8/213 [poisoned by a yaktaur]
 54062 | Vaults:4 | HP: 9/213 [poisoned by a yaktaur]
 54070 | Vaults:4 | HP: 10/213 [poisoned by a yaktaur]
 54552 | Vaults:5 | Identified the ring "Evafoopn" {Wiz MR+}
 54579 | Vaults:5 | Reached skill level 26 in Shields
 54592 | Vaults:5 | Received a gift from Okawaru
 54610 | Vaults:5 | Noticed a golden dragon
 54616 | Vaults:5 | Killed a golden dragon
 54622 | Vaults:5 | Received a gift from Okawaru
 54623 | Vaults:5 | Identified the cursed +0 leather armour "Dumio" {rC+}
 55909 | Vaults:5 | Identified Jecyvud's Catalogue of Fire
 56104 | Vaults:5 | Got a bloodstained hand axe
 56105 | Vaults:5 | Identified the cursed +1 hand axe of Ypte Heaxau {chop,
                  | *Contam +Rage Str-4 SInv} (You found it on level 5 of the
                  | Vaults)
 56258 | Vaults:5 | Reached XP level 23. HP: 193/222 MP: 24/24
 56361 | Vaults:5 | Got a faintly glowing falchion
 56362 | Vaults:5 | Identified the +5 falchion "Azaepu" {drain, rF- Str+3
                  | Dex+4} (You found it on level 5 of the Vaults)
 56448 | Vaults:5 | Identified Jippis's Incunabulum of the Snowflakes and
                  | Flames
 56639 | Vaults:5 | Got a silver rune of Zot
 57011 | Vaults:5 | Got a twisted glaive {god gift}
 57012 | Vaults:5 | Identified the +6 glaive of Zilevont {venom, +Blink rElec
                  | rF++ Int-2} (Okawaru gifted it to you on level 5 of the
                  | Vaults)
 57526 | Depths:1 | Entered Level 1 of the Depths
 57922 | Depths:1 | Noticed Sojobo
 58405 | Depths:1 | Found Udupala's Elemental Accessories.
 58497 | Depths:1 | Found a gateway to Hell.
 58737 | Depths:1 | Killed from afar by Sojobo

Levels and vault maps discovered:
D:1:      onia_arrival_mini_maze, layout_basic, serial_aquarium,
          aquarium_bridge_straight [aquarium_subvault_bridge,
          aquarium_subvault_window, aquarium_subvault_bridge,
          aquarium_subvault_wall], aquarium_window_fake, aquarium_window_2,
          aquarium_window_2, aquarium_view_2a, aquarium_balcony_1b,
          aquarium_pool_double, minmay_heptomino_d4
D:2:      layout_rooms, gammafunk_temple_of_torment, uniq_natasha
D:3:      layout_basic, gammafunk_temple_overflow_elements
D:4:      layout_loops_ring, led_sif_book, minmay_temple_entry_junction,
          first_ration
D:5:      layout_basic, marbit_many_paths, grunt_temple_overflow_diamond,
          nrook_pool_corridor, minmay_shop_damaged
D:6:      layout_basic, st_stairs_3, chequers_serial_rivers_marsh
D:7:      minmay_the_grid_triangle_9x9_rhombus_full
          [minmay_the_grid_triangle_9x9_zippers_horizontal,
          minmay_the_grid_triangle_9x9_intruding_spiral,
          minmay_the_grid_triangle_9x9_pentomino_pain,
          minmay_the_grid_triangle_9x9_subtriangle,
          minmay_the_grid_triangle_9x9_corruption,
          minmay_the_grid_triangle_9x9_semitri,
          minmay_the_grid_triangle_9x9_fully_insulated_deathbox,
          minmay_the_grid_triangle_9x9_prize_center], layout_basic,
          grunt_temple_overflow_forces_of_nature, grunt_ogre_cave
D:8:      layout_rooms, serial_bayou, serial_bayou_pond_e, serial_bayou_ford_a,
          serial_bayou_pond_e, serial_bayou_shore_b, serial_shops,
          nicolae_shop_overgrown_old_shop
D:9:      layout_loops_ring, okawaru_trees_1, lair_entry_dummy
D:10:     layout_stronghold, serial_shops, kennysheep_mini,
          nicolae_trove_entry_crossroad
D:11:     layout_loops_cross, enter_bailey_3, nicolae_looking_at_the_future,
          uniq_josephine, uniq_erolcha
D:12:     layout_gridville, zombieorc1_lemuel, special_room [special_room_orc],
          kennysheep_crisscross
D:13:     layout_roguey, david_vaults_4, ebering_ghost_inner_flame,
          serial_shops, shop, minmay_crystal_room, grunt_gozag_breadcrumbs
D:14:     layout_cave_pools, chequers_jeans, nicolae_qazlal_general_emergency
D:15:     grunt_enter_depths_snipers, layout_long_grid,
          hangedman_abyss_or_decor_stabs, lightli_fourway_metalbox
Temple:   compressed_dpeg_circular_temple
Lair:1:   layout_long_grid, serial_bayou, serial_bayou_lagoon_a,
          serial_bayou_crossing, serial_bayou_pond_d, serial_bayou_pond_a,
          serial_bayou_pond_d, serial_bayou_pond_e,
          nicolae_lair_grove_arrangements, uniq_harold
Lair:2:   layout_chaotic_city, grunt_megastairs_4
Lair:3:   layout_chaotic_city, minmay_shoals_entry_lonely_mermaid,
          spider_nest_entry_a
Lair:4:   layout_long_grid, portal_ice_cave_rime, patterned_corridor,
          infiniplex_staircase_pool_2
Lair:5:   layout_roguey [special_room_mythical_zoo], serial_bayou,
          serial_bayou_pond_d, serial_bayou_pond_c, serial_bayou_pond_c,
          serial_bayou_pond_d, st_stairs_10, ldierk_geyser, lemuel_fruit_tree,
          lemuel_fruit_fields
Lair:6:   minmay_lair_end_frog_pond, layout_small_grid,
          minmay_slime_entry_oklob_enclosed, grunt_forest_stairs_basic,
          uniq_nessos
Shoals:1: cheibrodos_shoals_satyrical_garden, layout_shoals
Shoals:2: layout_shoals, uniq_donald
Shoals:3: layout_shoals
Shoals:4: shoals_end_simple, layout_shoals, serial_shops,
          nicolae_shop_statue_plus, shop, shop, shop, nicolae_shop_behind_doors
Spider:1: layout_spider_delve, uniq_roxanne
Spider:2: layout_spider_delve, gammafunk_ghost_berserking_beasts, hive_lemuel,
          uniq_louise
Spider:3: layout_chambers
Spider:4: grunt_spider_rune_circles
Orc:1:    layout_caves, serial_shops, shop, shop, uniq_erica
Orc:2:    st_orc_mages, layout_caves, basic_altar, serial_shops,
          nicolae_shop_waterfront
Elf:1:    layout_geoelf_diagonals, serial_shops,
          nicolae_shop_competitors_out_of_business, minmay_elf_sorcery,
          item_on_display_a, minmay_shop_star, uniq_frances, uniq_agnes
Elf:2:    layout_gridlike, serial_shops,
          nicolae_shop_temple_entry_statues_fountains
Elf:3:    elf_hall_gauntlet_wide, layout_geoelf_grid, serial_shops, shop,
          small_chamber_with_monster, roderic_lattice_octagonal_star
Vaults:1: nicolae_vaults_network_periphery, v_misc_1,
          nicolae_vaults_big_angled_halls, ontoclasm_vaults_twist,
          grunt_vaults_diagonal, vaults_dpeg_ring, ontoclasm_vaults_shuriken,
          v_misc_3, vaults_dpeg_diagonal, layout_vaults_quadrants, serial_shops,
          shop_statue
Vaults:2: v_pattern_4, v_misc_23, grunt_vaults_bifocal,
          grunt_vaults_hallway_short, nicolae_vaults_fighting_squares,
          hangedman_vaults_stagger, minmay_crypt_entry_vampire_xt, v_rooms_3,
          vaults_standard_mumra_x, grunt_vaults_focal,
          nicolae_vaults_diagonal_hallway_6, layout_vaults_maze_snakey,
          basic_altar
Vaults:3: ontoclasm_vaults_hangar, vaults_dpeg_encased_lava, serial_ice_g,
          v_misc_10, nicolae_vaults_little_squares_5, v_misc_14, v_misc_13,
          vaults_room_fancy_cross, nicolae_vaults_alarming, v_misc_28,
          layout_vaults_ring, basic_altar, uniq_jory
Vaults:4: hangedman_vaults_stretched_pinwheel, nicolae_vaults_an_arrangement,
          v_misc_3, vaults_mumra_chevron, nicolae_vaults_three_branches,
          grunt_vaults_twisty, v_pattern_5, hangedman_vaults_capsules,
          ontoclasm_vaults_spin, v_misc_23, ontoclasm_vaults_fault, v_misc_14,
          layout_vaults_omnibox, serial_shops, bzr_entry_customers
Vaults:5: serial_shops
Depths:1: layout_basic, serial_rivers, chequers_serial_rivers_micro_d,
          chequers_serial_rivers_small_a, chequers_serial_rivers_marsh,
          chequers_serial_rivers_micro_c, hangedman_abyss_or_decor_passed,
          hell_entry, kennysheep_doodads, grunt_decor_arrowhead,
          nicolae_elemental_shop, eino_tiny_chamber, st_stairs_10, uniq_sojobo

Skill      XL: |  1  2  3  4  5  6  7  8  9 10 11 12 13 14 15 16 17 18 19 20 21 22 23 |
---------------+----------------------------------------------------------------------+-----
Shields        | 4 5 6 7 9 10 12 13 15 17 18 20 21 22 23 24 25 26 | 26.5
Fighting       | 4 5 6 7 9 10 11 12 13 14 15 16 17 18 19 20 21 22 | 22.2
Armour         | 4 5 6 7 8 9 10 11 13 14 15 16 17 18 19 | 19.1
Long Blades    | 3 4 5 7 8 10 11 12 14 15 16 17 18 19 20 21 22 | 22.5
Dodging        | 1 2 3 4 5 6 7 8 10 | 10.8
Evocations     | 2 |  2.8
Polearms       | 1 2 3 4 |  4.9
Invocations    | 1 2 |  2.8
Stealth        | 1 2 3 4 5 |  5.1

Action                   |  1- 3 |  4- 6 |  7- 9 | 10-12 | 13-15 | 16-18 | 19-21 | 22-24 || total
-------------------------+-------+-------+-------+-------+-------+-------+-------+-------++-------
Melee: Long sword        |    84 |   179 |    31 |       |    55 |       |       |       ||   349
       Headbutt          |    10 |    23 |    78 |   331 |   666 |   264 |   245 |   101 ||  1718
       Falchion          |       |       |   344 |  1151 |  1447 |       |       |       ||  2942
       Demon trident     |       |       |       |    27 |    29 |       |       |       ||    56
       Scimitar          |       |       |       |       |    61 |       |       |       ||    61
       Double sword      |       |       |       |       |    53 |  1044 |   875 |   281 ||  2253
Invok: Heroism           |       |       |       |     7 |    16 |    10 |       |     1 ||    34
       Finesse           |       |       |       |       |     1 |     1 |       |       ||     2
Evoke: Wand              |       |       |     5 |    15 |     3 |     9 |       |       ||    32
  Use: Scroll            |     3 |       |    11 |     7 |     6 |    14 |     8 |     5 ||    54
       Potion            |     2 |       |     1 |     3 |       |    12 |       |       ||    18
 Stab: Distracted        |       |       |       |       |     1 |       |       |     1 ||     2
       Paralysed         |       |       |       |       |     2 |       |       |       ||     2
       Held in net/web   |       |       |       |       |       |     1 |       |       ||     1
       Sleeping          |       |       |       |       |       |     1 |     2 |       ||     3
  Eat: Chunk             |       |     9 |     9 |    22 |    28 |    35 |    30 |     4 ||   137
       Ration            |       |       |     2 |     3 |     4 |     4 |       |     3 ||    16
Armor: Scale mail        |    44 |    70 |    38 |       |       |   190 |    43 |       ||   385
       Plate armour      |       |       |    93 |    86 |   123 |       |       |       ||   302
       Chain mail        |       |       |       |   221 |   463 |   283 |       |       ||   967
       Crystal plate arm |       |       |       |       |       |       |   309 |    99 ||   408
Dodge: Dodged            |    21 |    64 |    71 |   324 |   619 |   486 |   236 |    86 ||  1907
Block: Shield            |    42 |   115 |   152 |   598 |  1245 |   979 |   699 |   226 ||  4056
       Reflection        |       |       |       |       |       |    19 |    97 |    22 ||   138
       Rpst.: Long sword |     9 |    17 |     2 |       |     2 |       |       |       ||    30
       Falchion          |       |       |    16 |    77 |   126 |       |       |       ||   219
       Scimitar          |       |       |       |       |     5 |       |       |       ||     5
       Double sword      |       |       |       |       |     3 |    79 |    41 |    10 ||   133
